 Dungeon Crawl Stone Soup version 0.19-a0-835-gf140595 (webtiles) character file.

247 Implojin the Slasher (level 5, -1/45 HPs)
             Began as a Minotaur Fighter on June 30, 2016.
             Killed from afar by Dowan (8 damage)
             ... with a shard of ice
             ... on level 4 of the Dungeon.
             The game lasted 00:04:21 (1012 turns).

Implojin the Slasher (Minotaur Fighter)             Turns: 1012, Time: 00:04:22

Health: -1/45      AC:  5    Str: 26    XL:     5   Next: 85%
Magic:  4/4        EV:  8    Int:  5    God:
Gold:   98         SH: 10    Dex: 10    Spells: 0 memorised, 4 levels left

rFire  . . .     SeeInvis .     a - +0 long sword
rCold  . . .     Gourm    .     p - +0 leather armour {rPois}
rNeg   . . .     Faith    .     c - +0 shield
rPois  +         Spirit   .     (helmet restricted)
rElec  .         Dismiss  .     o - +1 cloak
rCorr  .         Reflect  .     (no gloves)
SustAt .         Harm     .     (no boots)
MR     .....                    (no amulet)
Stlth  +.........               (no ring)
                                (no ring)

@: mighty, not resistant to hostile enchantments, very unstealthy
A: retaliatory headbutt, horns 2
a: no special abilities


You were on level 4 of the Dungeon.
You were not hungry.

You visited 1 branch of the dungeon, and saw 4 of its levels.

You collected 98 gold pieces.

Inventory:

Hand Weapons
 a - a +0 long sword (weapon)
Armour
 b - a +0 scale mail
 c - a +0 shield (worn)
 o - a +1 cloak (worn)
 p - a +0 leather armour of poison resistance (worn)
Scrolls
 e - a scroll of magic mapping {unknown}
 k - a scroll of identify {unknown}
 l - a scroll of enchant weapon {unknown}
 m - a scroll of teleportation {unknown}
 n - a scroll of recharging {unknown}
 q - a scroll of fear {unknown}
Potions
 d - a potion of might
 g - a potion of flight {unknown}
 i - a potion of magic {unknown}
 j - a potion of lignification {unknown}
 s - a potion of curing {unknown}
 t - a potion of ambrosia {unknown}
Comestibles
 f - a bread ration
 h - a meat ration
 r - a royal jelly


   Skills:
 - Level 3.6 Fighting
 * Level 7.5 Long Blades
 - Level 3.6 Armour
 - Level 3.6 Shields


You had 4 spell levels left.
You didn't know any spells.

Dungeon Overview and Level Annotations

Branches:
Dungeon (4/15)
 Temple: D:4-7

Altars:
Elyvilon

Annotations:
D:4 Dowan


Innate Abilities, Weirdness & Mutations

You reflexively headbutt those who attack you in melee.
You have a pair of horns on your head.


Message History

Your Long Blades skill increases to level 7!
Dowan gestures wildly while chanting.
Dowan blinks!
The quokka skeleton bites you.
You barely miss the quokka skeleton. You block the quokka skeleton's attack.
You slash the quokka skeleton!
You destroy the quokka skeleton!
Dowan mumbles some strange words.
Dowan blinks!
Things that are here:
a short sword; a scale mail; the elf corpse of Duvessa You slash the orc!
You kill the orc!
The adder bites you but does no damage.
You miss the adder. The adder bites you but does no damage.
You slash the adder!
You kill the adder!
You block the orc's attack.
Things that are here:
a hand axe; a leather armour; an adder corpse You barely miss Dowan.
Dowan hits you with a dagger. Dowan gestures at you while chanting.
The shard of ice hits you!
* * * LOW HITPOINT WARNING * * *
You block the orc's attack.
Unknown command.
You miss Dowan. You block Dowan's attack. You block the orc's attack.
Dowan points at you and mumbles some strange words.
The shard of ice hits you!
* * * LOW HITPOINT WARNING * * *
Things that are here:
a short sword; a scale mail; the elf corpse of Duvessa Unknown command.
You barely miss Dowan. Your headbutt misses Dowan.
Dowan hits you with a dagger.
* * * LOW HITPOINT WARNING * * *
Dowan hits you but does no damage.
You completely miss Dowan.
Dowan points at you and mumbles some strange words.
The shard of ice hits you!
You die...

#########.........h #
#.....#### ## #.....# .#
#.....# .########...###
..........#.#
..###.....#.####
#<....###....[o#######
..#.S.e.###.##oe@....#
#....##..e..########...#
#......###.....# ...
..####.# ##.##.# # ###
..# #.# .. .# ..# .o.
### ..


o You could see Dowan and 2 orcs.

Vanquished Creatures
  Duvessa (D:4)
  2 howler monkeys (D:4)
  3 adders
  A worm (D:3)
  A dart slug (D:1)
  2 giant geckos (D:1)
  3 orcs
  A ball python (D:1)
  5 bats
  3 goblins
  6 hobgoblins
  A quokka (D:2)
  2 giant newts
  2 kobolds
  A quokka skeleton (D:4)
  4 rats (D:1)
38 creatures vanquished.

Notes
Turn   | Place    | Note
--------------------------------------------------------------
     0 | D:1      | Implojin the Minotaur Fighter began the quest for the Orb.
     0 | D:1      | Reached XP level 1. HP: 19/19 MP: 0/0
    80 | D:1      | Reached skill level 3 in Long Blades
   121 | D:1      | Reached XP level 2. HP: 17/26 MP: 1/1
   146 | D:1      | HP: 1/26 [dart slug/slug dart (7)]
   343 | D:2      | Reached skill level 4 in Long Blades
   353 | D:2      | Found a white marble altar of Elyvilon.
   430 | D:2      | Reached XP level 3. HP: 5/31 MP: 2/2
   831 | D:3      | Reached skill level 5 in Long Blades
   964 | D:4      | Reached XP level 4. HP: 34/39 MP: 3/3
   987 | D:4      | Noticed Duvessa
   997 | D:4      | Noticed Dowan
   998 | D:4      | Reached skill level 6 in Long Blades
   998 | D:4      | Reached XP level 5. HP: 37/45 MP: 4/4
  1000 | D:4      | Killed Duvessa
  1000 | D:4      | Reached skill level 7 in Long Blades
  1012 | D:4      | Killed from afar by Dowan

Vault maps used:
D:1:      evilmike_arrival_plus, kennysheep_flooded_box, due_unseen_surprise
D:2:      minivault_27, elyvilon_altar_1
D:3:      gammafunk_temple_overflow_forgotten, first_bread
D:4:      kennysheep_little_box, serial_shops, nicolae_shop_waterfront,
          grunt_tough_drop, uniq_pikel, uniq_duvessa, uniq_crazy_yiuf_cottage

Skill      XL: |  1  2  3  4  5 |
---------------+----------------+-----
Long Blades    | 3 4 5 6 7 |  7.5
Fighting       | |  3.6
Armour         | |  3.6
Shields        | |  3.6

Action                   |  1- 3 |  4- 6 || total
-------------------------+-------+-------++-------
Melee: Long sword        |    74 |    15 ||    89
       Headbutt          |    12 |     2 ||    14
  Use: Potion            |       |     1 ||     1
Armor: Scale mail        |    33 |       ||    33
       Leather armour    |     1 |     2 ||     3
Dodge: Dodged            |    22 |     1 ||    23
Block: Shield            |    32 |    10 ||    42

Table legend:
 A = Turns spent in this place as a percentage of turns spent in the entire game.
 B = Non-inter-level travel turns spent in this place as a percentage of non-inter-level travel turns spent in the entire game.
 C = Inter-level travel turns spent in this place as a percentage of turns spent in this place.
 D = Turns resting spent in this place as a percentage of non-inter-level travel turns spent in this place.
 E = Turns spent auto-exploring this place as a percentage of non-inter-level travel turns spent in this place.
 F = Non-inter-level travel turns spent in this place divided by the number of levels of this place that you've seen.
                   A       B       C       D       E      F
               +-------+-------+-------+-------+-------+----------------------
         Total | 100.0 | 100.0 |   0.0 |   0.3 |   0.0 | 191.5
       Dungeon | 100.0 | 100.0 |   0.0 |   0.3 |   0.0 | 191.5
               +-------+-------+-------+-------+-------+----------------------

Table legend:
 A = Kills in this place as a percentage of kills in entire the game.
 B = Kills by you in this place as a percentage of kills by you in the entire game.
 C = Kills by friends in this place as a percentage of kills by friends in the entire game.
 D = Other kills in this place as a percentage of other kills in the entire game.
 E = Experience gained in this place as a percentage of experience gained in the entire game.
 F = Experience gained in this place divided by the number of levels of this place that you have seen.
                   A       B       C       D       E      F
               +-------+-------+-------+-------+-------+----------------------
         Total | 100.0 | 100.0 |  -nan |  -nan | 100.0 |  88.2
       Dungeon | 100.0 | 100.0 |  -nan |  -nan | 100.0 |  88.2
               +-------+-------+-------+-------+-------+----------------------
